Map: Dusk Towers

Players

Pokebunny

  • Race: Terran Terran
  • League: Grandmaster

JonSnow - Winner!

  • Race: Zerg Zerg
  • League: Grandmaster

VOD

Have the link to the VOD?

Description

Time

  • Played on: April 4, 2016, 3:27 p.m.
  • Length: 3:37
Show
View Real Time Build Order
Export as new Build Order

Pokebunny Terran 

Build Orders: Command Center First (CC) 

Get SALT Encoding   

  12  0:03  SCV  
  13  0:15  SCV  
  13  0:19  Supply Depot  
  14  0:27  SCV  
  15  0:41  SCV  
  16  0:53  SCV  
  17  1:01  Command Center  
  17  1:05  SCV  
  18  1:14  Barracks  
  18  1:17  SCV  
  19  1:22  Refinery  
  19  1:29  SCV  
  20  1:41  SCV  
  21  1:53  SCV  
  22  2:00  Marine  
  23  2:05  Orbital Command  
  23  2:12  Orbital Command  
  23  2:18  Marine  
  24  2:27  Command Center  
  24  2:34  SCV  
  25  2:39  Factory  
  25  2:43  Barracks Reactor  
  25  2:49  SCV x2  
  27  2:52  Supply Depot  
  27  2:58  Refinery  
  27  3:01  SCV x2  
  29  3:13  SCV x2  
  33  3:30  Starport  
  31  3:34  Barracks Tech Lab  
Show
View Real Time Build Order
Export as new Build Order

JonSnow Zerg - Winner!

Build Orders: Hatch First 

Get SALT Encoding   

  12  0:01  Drone  
  13  0:13  Overlord  
  13  0:18  Drone  
  14  0:31  Drone  
  14  0:33  Drone  
  14  0:35  Drone  
  17  0:53  Hatchery  
  17  0:54  Drone  
  17  1:03  Drone  
  18  1:05  Extractor  
  17  1:16  Drone, Spawning Pool  
  17  1:22  Overlord  
  17  1:33  Drone  
  18  1:46  Drone  
  19  2:02  Queen  
  19  2:03  Zergling x2  
  19  2:04  Zergling x2  
  19  2:05  Queen  
  19  2:06  Zergling x2  
  26  2:08  Metabolic Boost  
  26  2:12  Drone  
  28  2:15  Drone  
  28  2:24  Drone  
  28  2:29  Drone  
  30  2:38  Queen  
  30  2:40  Queen  
  30  2:41  Drone  
  35  2:44  Drone  
  36  3:00  Hatchery  
  36  3:03  Overlord  
  35  3:08  Overlord  
  35  3:16  Drone  
  36  3:22  Drone  
  36  3:23  Drone x5  
Tags
 
Add a new tag
Caveats
  • Supply blocks, unpowered buildings, or Contaminate may cause inaccurate times.
  • Supply counts are checked every 10 seconds.